[Event "ICC tourney 2579 (30 10)"]
[Site "Internet Chess Club"]
[Date "2021.05.23"]
[Round "8"]
[White "LIAO, CONNOR:che2468"]
[Black "DUNIKOV, GLIB:GlibNest"]
[Result "1-0"]
[ICCResult "Black checkmated"]
[WhiteElo "1423"]
[BlackElo "1511"]
[Opening "(Dutch:) Balogh defense"]
[ECO "A82"]
[NIC "HD.11"]
[Time "17:01:33"]
[PlyCount "163"]
[TimeControl "1800+10"]

1. d4 f5 2. e4 d6 3. exf5 Bxf5 4. Nc3 Nf6 5. Nf3 g6 6. Bd3 Bxd3 7. Qxd3 Bg7
8. Bg5 O-O 9. O-O Nbd7 10. Rfe1 Re8 11. Re6 Nb6 12. Rae1 Nbd7 13. Qe2 Kf8
14. d5 Nc5 15. Re3 h6 16. Bxf6 Bxf6 17. Ne4 Nxe4 18. Rxe4 c5 19. Nh4 Bxh4
20. Rxh4 e5 21. Rxh6 Kg7 22. Rh3 Rh8 23. Rg3 Qh4 24. h3 Raf8 25. Qd3 Qf6
26. Rf3 Qh4 27. Ree3 Rf6 28. Rxf6 Qxf6 29. Rf3 Qh4 30. Qb5 Qe7 31. Qa4 a6
32. Qg4 Re8 33. Rg3 Qf7 34. h4 Rg8 35. h5 Kh7 36. hxg6+ Rxg6 37. Qh5+ Kg7
38. Rh3 Kf8 39. Rf3 Rf6 40. Qh8+ Ke7 41. Rxf6 Qxf6 42. Qh7+ Qf7 43. Qxf7+
Kxf7 44. g4 Kf6 45. Kg2 Kg5 46. Kg3 b6 47. f3 b5 48. b3 b4 49. Kg2 Kf4 50.
Kf2 e4 51. fxe4 Kxe4 52. Kg3 Kxd5 53. Kf4 Ke6 54. g5 d5 55. g6 Kf6 56. g7
Kxg7 57. Ke5 c4 58. Kxd5 cxb3 59. cxb3 Kf7 60. Kc5 Ke7 61. Kxb4 Kd7 62. Ka5
Kc7 63. Kxa6 Kb8 64. b4 Ka8 65. b5 Kb8 66. b6 Ka8 67. b7+ Kb8 68. a4 Kc7
69. Ka7 Kc6 70. b8=Q Kc5 71. Qc7+ Kb4 72. Qb6+ Kc3 73. Qd6 Kb3 74. Qc5 Kb2
75. Qc4 Ka3 76. Qb5 Ka2 77. Qb4 Ka1 78. Kb6 Ka2 79. Kc5 Ka1 80. Kc4 Ka2 81.
Kc3 Ka1 82. Qb2# { Black checkmated } 1-0

[Event "ICC tourney 2579 (30 10)"]
[Site "Internet Chess Club"]
[Date "2021.05.23"]
[Round "8"]
[White "Kumar, Agrim:agrimjax1"]
[Black "SRIRAM, SHRAVAN:chickenlord999"]
[Result "0-1"]
[ICCResult "White forfeits on time"]
[WhiteElo "1517"]
[BlackElo "1522"]
[Opening "French: advance, Euwe variation"]
[ECO "C02"]
[NIC "FR.03"]
[Time "17:01:30"]
[PlyCount "80"]
[TimeControl "1800+10"]

1. e4 e6 2. d4 d5 3. e5 c5 4. c3 Nc6 5. Nf3 Bd7 6. a3 cxd4 7. cxd4 Qb6 8.
b4 a6 9. Be2 Nge7 10. O-O Nf5 11. Bb2 Be7 12. Re1 f6 13. Bd3 Nd8 14. Bxf5
exf5 15. Qe2 O-O 16. Nc3 Qc6 17. exf6 Bxf6 18. Ne5 Bxe5 19. Qxe5 Be6 20. a4
Rf6 21. b5 Qd7 22. Rac1 Nf7 23. Qf4 Nd6 24. Nb1 Nc4 25. Bc3 axb5 26. axb5
Qxb5 27. Nd2 Rc8 28. Nxc4 Rxc4 29. Bd2 h6 30. Rb1 Qa4 31. Ra1 Qc2 32. h3
Qd3 33. Be3 Kh7 34. Rad1 Qe4 35. Bd2 Qxd4 36. Qf3 Qb6 37. Bf4 Re4 38. Qg3
Qb4 39. Rxe4 Qxe4 40. Be3 f4 { White forfeits on time } 0-1

[Event "ICC tourney 2579 (30 10)"]
[Site "Internet Chess Club"]
[Date "2021.05.23"]
[Round "8"]
[White "VENKATESH, NARAYAN:narayan0811"]
[Black "LI, IRIS:irisl"]
[Result "1/2-1/2"]
[ICCResult "Game drawn by mutual agreement"]
[WhiteElo "1040"]
[BlackElo "1482"]
[Opening "Ruy Lopez: four knights (Tarrasch) variation"]
[ECO "C77"]
[NIC "RL.12"]
[Time "17:01:31"]
[PlyCount "68"]
[TimeControl "1800+10"]

1. e4 e5 2. Nf3 Nc6 3. Bb5 a6 4. Ba4 Nf6 5. Nc3 b5 6. Bb3 Bc5 7. d3 d6 8.
h3 O-O 9. Bg5 h6 10. Bh4 Be6 11. O-O Nd4 12. Nxd4 Bxd4 13. Nd5 Bxd5 14.
Bxd5 Rb8 15. c3 Ba7 16. Bxf6 Qxf6 17. b4 c5 18. a4 Bb6 19. axb5 axb5 20.
Qb3 Rfc8 21. Kh1 cxb4 22. Qxb4 Bc5 23. Qb3 b4 24. c4 Bd4 25. Ra4 Bc3 26.
Ra7 Rf8 27. f3 Bd2 28. g3 Be3 29. Ra4 Bc5 30. Kg2 Kh8 31. Ra2 Qg6 32. f4
Bd4 33. f5 Qg5 34. Re2 f6 { Game drawn by mutual agreement } 1/2-1/2